[ AOE2 MATCH · #493427740 ]
UnrankedCumans vs Poles
Player's team · LOSS
[ REPLAY ANALYSIS · EXTRACTED FROM THE RECORDED GAME ]
Feudal
—
Castle
—
Imperial
—
| APM avg | 52.6 |
| APM peak | 57 |
| eAPM avg | 13.8 |
| Villagers / military | 8 / 0 |
Focus
⚔️ 30.8% · 🌾 69.2%
Feudal
—
Castle
—
Imperial
—
| APM avg | 55.1 |
| APM peak | 63 |
| eAPM avg | 10.8 |
| Villagers / military | 10 / 0 |
Focus
⚔️ 0.0% · 🌾 100.0%
Feudal
—
Castle
—
Imperial
—
| APM avg | 25.9 |
| APM peak | 35 |
| eAPM avg | 11.7 |
| Villagers / military | 7 / 0 |
Focus
⚔️ 0.0% · 🌾 100.0%
Feudal
—
Castle
—
Imperial
—
| APM avg | 19.2 |
| APM peak | 27 |
| eAPM avg | 6.3 |
| Villagers / military | 5 / 0 |
Focus
⚔️ 0.0% · 🌾 100.0%
Feudal
—
Castle
—
Imperial
—
| APM avg | 75.5 |
| APM peak | 70 |
| eAPM avg | 23.8 |
| Villagers / military | 9 / 0 |
Focus
⚔️ 6.5% · 🌾 93.5%
Feudal
—
Castle
—
Imperial
—
| APM avg | 41.7 |
| APM peak | 60 |
| eAPM avg | 10.8 |
| Villagers / military | 7 / 0 |
Focus
⚔️ 0.0% · 🌾 100.0%
Feudal
—
Castle
—
Imperial
—
| APM avg | 44.6 |
| APM peak | 67 |
| eAPM avg | 14.2 |
| Villagers / military | 6 / 0 |
Focus
⚔️ 31.2% · 🌾 68.8%
Feudal
—
Castle
—
Imperial
—
| APM avg | 47.6 |
| APM peak | 68 |
| eAPM avg | 15.0 |
| Villagers / military | 8 / 0 |
Focus
⚔️ 38.7% · 🌾 61.3%
Match map
Initial resources + every placement click. Lines = walls · curves = elevation contours. ◆ gold · ⬟ stone · ● berries · ✦ relic · ◌ wall gap
Your base
The REAL Pepsiman's base
ghod5's base
Paladin's base
JCPJ.SanojRehtlaw's base
Nekomi's base
Sidi Kouille's base
survivorsteven's base
Smoothed initial terrain · ◌ = detected wall gap · hover for details
Inputs per minute
— Nobiletine 500g - - The REAL Pepsiman
Build order — Nobiletine 500g
11 actions detected in the replay
| 0:01 | Create | Villager (Male) |
| 0:03 | Build | House |
| 0:04 | Build | House |
| 0:15 | Create | Villager (Male) |
| 0:15 | Create | Villager (Male) |
| 0:15 | Create | Villager (Male) |
| 0:15 | Create | Villager (Male) |
| 1:31 | Create | Villager (Male) |
| 1:46 | Build | Lumber Camp |
| 2:03 | Create | Villager (Male) |
| 2:03 | Create | Villager (Male) |
Build order — The REAL Pepsiman
9 actions detected in the replay
| 0:08 | Build | House |
| 0:09 | Create | Villager (Male) ×4 |
| 0:09 | Create | Villager (Male) ×4 |
| 0:26 | Build | House |
| 0:26 | Build | House |
| 0:27 | Build | House |
| 1:38 | Create | Villager (Male) |
| 1:38 | Create | Villager (Male) |
| 2:11 | Build | Lumber Camp |
Build order — ghod5
9 actions detected in the replay
| 0:03 | Create | Villager (Male) |
| 0:03 | Create | Villager (Male) |
| 0:03 | Create | Villager (Male) |
| 0:04 | Create | Villager (Male) |
| 0:04 | Create | Villager (Male) |
| 0:06 | Build | House |
| 0:09 | Build | House |
| 1:46 | Create | Villager (Male) |
| 1:46 | Create | Villager (Male) |
Build order — Paladin
5 actions detected in the replay
| 0:02 | Create | Villager (Male) |
| 0:03 | Create | Villager (Male) |
| 1:05 | Create | Villager (Male) |
| 1:05 | Create | Villager (Male) |
| 1:06 | Create | Villager (Male) |
Build order — JCPJ.SanojRehtlaw
12 actions detected in the replay
| 0:01 | Create | Villager (Male) |
| 0:02 | Build | House |
| 0:04 | Build | House |
| 0:09 | Create | Villager (Male) |
| 0:09 | Create | Villager (Male) |
| 0:09 | Create | Villager (Male) |
| 1:28 | Create | Villager (Male) |
| 1:50 | Create | Villager (Male) |
| 1:51 | Create | Villager (Male) |
| 2:02 | Build | Lumber Camp |
| 2:21 | Create | Villager (Male) |
| 2:22 | Create | Villager (Male) |
Build order — Nekomi
10 actions detected in the replay
| 0:01 | Create | Villager (Male) |
| 0:02 | Create | Villager (Male) |
| 0:02 | Create | Villager (Male) |
| 0:02 | Create | Villager (Male) |
| 0:03 | Create | Villager (Male) |
| 0:04 | Build | House |
| 0:05 | Build | House |
| 1:25 | Create | Villager (Male) |
| 1:25 | Create | Villager (Male) |
| 1:48 | Build | Lumber Camp |
Build order — Sidi Kouille
9 actions detected in the replay
| 0:01 | Create | Villager (Male) |
| 0:02 | Create | Villager (Male) |
| 0:03 | Build | House |
| 0:04 | Build | House |
| 0:27 | Create | Villager (Male) |
| 0:41 | Create | Villager (Male) |
| 1:34 | Create | Villager (Male) |
| 1:56 | Build | Lumber Camp |
| 2:10 | Create | Villager (Male) |
Build order — survivorsteven
8 actions detected in the replay
| 0:01 | Create | Villager (Male) ×4 |
| 0:03 | Build | House |
| 0:05 | Build | House |
| 1:28 | Build | Settlement |
| 1:32 | Create | Villager (Male) |
| 1:32 | Create | Villager (Male) |
| 2:03 | Create | Villager (Male) |
| 2:03 | Create | Villager (Male) |
Match timeline
| 1:51 | Paladin · resign |
[ AI ANALYSIS · 1 CREDIT ]
What really happened in this match?
Wolo.gg analyzes every decision: build order, eco, micro, common mistakes by bracket. Personalized analysis on WhatsApp or Discord in 30 seconds.
Civ guide
Cumans
Perfil
Nobiletine 500g